 Dungeon Crawl Stone Soup version 0.18.1-50-g88ac8fd (webtiles) character file.

6009 nikopol the Cleaver (level 10, 0/91 HPs)
             Began as a Minotaur Berserker on Oct 13, 2016.
             Was a High Priest of Trog.
             Slain by an unseen horror (5 damage)
             ... on level 9 of the Dungeon.
             The game lasted 00:20:45 (9434 turns).

nikopol the Cleaver (Minotaur Berserker)            Turns: 9434, Time: 00:20:46

Health: 0/91       AC: 12    Str: 22    XL:     10   Next: 56%
Magic:  9/9        EV: 12    Int:  4    God:    Trog [*****.]
Gold:   432        SH:  0    Dex: 13    Spells: 0 memorised, 9 levels left

rFire  . . .     SeeInvis .     a - +0 war axe
rCold  . . .     Gourm    .     m - +0 chain mail
rNeg   . . .     Faith    .     (no shield)
rPois  +         Spirit   .     (helmet restricted)
rElec  .         Dismiss  .     (no cloak)
rCorr  .         Reflect  .     (no gloves)
SustAt .         Harm     .     g - +0 pair of boots
MR     .....     Rnd*Tele +     (no amulet)
Stlth  ..........               t - ring of teleportation (curse)
                                h - ring of poison resistance

@: not resistant to hostile enchantments, extremely unstealthy
A: retaliatory headbutt, horns 2
a: Berserk, Trog's Hand, Brothers in Arms, Burn Spellbooks, Renounce Religion


You were on level 9 of the Dungeon.
You worshipped Trog.
Trog was extremely pleased with you.
You were very hungry.

You visited 1 branch of the dungeon, and saw 9 of its levels.

You collected 432 gold pieces.

Inventory:

Hand Weapons
 a - a +0 war axe (weapon)
 z - a +0 shortbow
 L - a +0 hand axe
Missiles
 i - 181 arrows (quivered)
Armour
 b - a +0 animal skin
 g - a +0 pair of boots (worn)
 m - a +0 chain mail (worn)
Jewellery
 h - a ring of poison resistance (left hand)
 t - a cursed ring of teleportation (right hand)
 P - an uncursed ring of protection from magic {unknown}
Wands
 v - a wand of random effects (21/48)
 E - a wand of acid (11/15)
 K - a wand of slowing (27/48)
 M - a wand of confusion (31/48)
 N - a wand of digging (11/24)
 S - a wand of acid (5/15)
Scrolls
 d - a scroll of noise {unknown}
 e - 4 scrolls of magic mapping {unknown}
 j - 6 scrolls of identify {unknown}
 p - 3 scrolls of random uselessness {unknown}
 q - 2 scrolls of fear {unknown}
 r - 4 scrolls of teleportation {unknown}
 s - 3 scrolls of immolation {unknown}
 y - a scroll of fog {unknown}
 A - 2 scrolls of remove curse {unknown}
 B - 2 scrolls of enchant armour {unknown}
 F - a scroll of enchant weapon {unknown}
 I - a scroll of recharging {unknown}
Potions
 l - 2 potions of heal wounds {unknown}
 n - a potion of cure mutation {unknown}
 o - 9 potions of curing {unknown}
 w - 3 potions of haste
 x - 5 potions of degeneration {unknown}
 C - a potion of flight {unknown}
 D - a potion of might {unknown}
 G - 3 potions of agility {unknown}
 H - a potion of ambrosia {unknown}
 J - a potion of brilliance {unknown}
 O - a potion of berserk rage {unknown}
Books
 Q - a book of Clouds

   Spells                             Type                      Level
   a - Mephitic Cloud                 Conjuration/Poison/Air       3
   b - Conjure Flame                  Conjuration/Fire             3
   c - Poisonous Cloud                Conjuration/Poison/Air       6
   d - Freezing Cloud                 Conjuration/Ice/Air          6
   e - Ring of Flames                 Charms/Fire                  7
   Trog disapproves of the use of such an item.
Comestibles
 c - 6 bread rations
 f - 6 slices of pizza
 k - 13 fruits
 u - 7 meat rations


   Skills:
 + Level 9.5 Fighting
 * Level 10.4 Axes
 * Level 6.2 Bows
 + Level 8.8 Armour
 + Level 8.2 Dodging


You had 9 spell levels left.
You didn't know any spells.

Dungeon Overview and Level Annotations

Branches:
Dungeon (9/15)             Temple (0/1) D:5            Lair (0/8) D:9
    Orc (0/2) D:9

Altars:
Ashenzari
Cheibriados
Dithmenos
Kikubaaqudgha
Nemelex Xobeh
Pakellas
Sif Muna
The Shining One


Innate Abilities, Weirdness & Mutations

You reflexively headbutt those who attack you in melee.
You have a pair of horns on your head.


Message History

Something hits you but does no damage. Something hits you.
* * * LOW HITPOINT WARNING * * *
Something completely misses you. Something hits you.
* * * LOW HITPOINT WARNING * * *
There is an open door here.
Something hits you.
* * * LOW HITPOINT WARNING * * *
Something completely misses you. Something hits you but does no damage.
Something hits you but does no damage. Something hits you but does no damage.
Something hits you but does no damage. Something hits you but does no damage.
Something hits you but does no damage. x2
Something hits you but does no damage. Something hits you!
* * * LOW HITPOINT WARNING * * *
Something hits you.
You die...

#....# #......######.....
#....#####..........#.....
#...##..##..........#.....
#...'...............#<....
#...##..............#.....
#...##..##..........#.....
#...##..##.....##.<##.....
#..............##..#####'#
######...@..........'....#
#..##..........#....#
#..##..........#....#
###.......>############
#..........# ##_#
#.#..##....##8... #
#####(####.....##.... #
#PP≈)≈.≈.#.###.#_... .>
#P≈......#.....##... (.#


There were no monsters in sight!

Vanquished Creatures
  A hydra (D:9)
  A black mamba (D:9)
  The ghost of jombi the Conjurer, a novice TeFE of Vehumet (D:4)
  Grinder (D:4)
  A troll (D:9)
  2 yaks (D:9)
  A hungry ghost (D:9)
  3 orc warriors
  2 sky beasts
  3 phantoms
  An ice beast (D:9)
  4 ogres
  3 centaurs
  2 crocodiles (D:9)
  3 big kobolds (D:9)
  6 giant frogs
  A water moccasin zombie (D:6)
  A wyvern skeleton (D:8)
  4 wights (D:8)
  3 crimson imps
  A centaur zombie (D:7)
  A wasp zombie (D:8)
  5 orc priests
  4 jellies
  5 orc wizards
  5 hounds
  2 giant frog skeletons
  4 iguanas
  7 worker ants
  2 sheep (D:9)
  3 hound skeletons
  Robin (D:4)
  A howler monkey skeleton (D:6)
  15 adders
  4 gnolls
  7 river rats (D:9)
  An ooze (D:2)
  2 adder skeletons
  3 worms
  4 giant geckos
  24 orcs
  9 giant cockroaches
  17 goblins
  11 hobgoblins
  8 jackals
  4 quokkas
  3 ball pythons
  A ball python skeleton (D:4)
  12 bats
  5 giant newts
  11 kobolds
  A quokka zombie (D:5)
  16 rats
  A fungus (D:9)
  A plant (D:9)
245 creatures vanquished.

Vanquished Creatures (others)
  A hippogriff (D:2)
  2 fungi (D:9)
3 creatures vanquished.

Grand Total: 248 creatures vanquished

Notes
Turn   | Place    | Note
--------------------------------------------------------------
     0 | D:1      | nikopol the Minotaur Berserker began the quest for the Orb.
     0 | D:1      | Reached XP level 1. HP: 19/19 MP: 0/0
   136 | D:1      | Reached XP level 2. HP: 19/27 MP: 1/1
   351 | D:1      | Reached ** piety under Trog
   628 | D:1      | Reached XP level 3. HP: 29/33 MP: 2/2
   744 | D:2      | Reached skill level 4 in Axes
  1248 | D:2      | Found an oddly glowing altar of Pakellas.
  1248 | D:2      | Noticed an orange crystal statue
  1249 | D:2      | Noticed a hippogriff
  1292 | D:2      | Killed a hippogriff
  1480 | D:2      | Reached XP level 4. HP: 41/41 MP: 3/3
  1959 | D:3      | Reached *** piety under Trog
  1980 | D:3      | Reached XP level 5. HP: 47/47 MP: 4/4
  2060 | D:3      | Reached skill level 5 in Fighting
  2121 | D:3      | Found a shadowy altar of Dithmenos.
  2311 | D:3      | Reached skill level 5 in Axes
  2539 | D:4      | Reached XP level 6. HP: 56/56 MP: 5/5
  2564 | D:4      | Noticed Robin
  2575 | D:4      | Reached **** piety under Trog
  2583 | D:4      | Killed Robin
  2996 | D:4      | Noticed jombi's ghost (novice TeFE)
  3010 | D:4      | Killed jombi's ghost
  3010 | D:4      | Reached skill level 5 in Armour
  3010 | D:4      | Reached skill level 5 in Dodging
  3010 | D:4      | Reached XP level 7. HP: 64/64 MP: 6/6
  3036 | D:4      | Noticed Grinder
  3072 | D:4      | Paralysed by Grinder for 2 turns
  3314 | D:4      | Paralysed by Grinder for 4 turns
  3320 | D:4      | Paralysed by Grinder for 3 turns
  3334 | D:4      | Killed Grinder
  3334 | D:4      | Reached skill level 6 in Axes
  4194 | D:5      | Entered Level 5 of the Dungeon
  4205 | D:5      | Found a deep blue altar of Sif Muna.
  4250 | D:5      | Reached XP level 8. HP: 64/71 MP: 7/7
  4618 | D:5      | Found a sparkling altar of Nemelex Xobeh.
  4841 | D:5      | Found a staircase to the Ecumenical Temple.
  5130 | D:5      | Reached skill level 7 in Axes
  5816 | D:6      | Reached XP level 9. HP: 77/81 MP: 8/8
  5847 | D:6      | Reached skill level 1 in Bows
  5984 | D:6      | Found an ancient bone altar of Kikubaaqudgha.
  6212 | D:7      | Reached skill level 8 in Axes
  6833 | D:7      | Found a snail-covered altar of Cheibriados.
  7315 | D:8      | Reached skill level 9 in Axes
  7807 | D:9      | Received a gift from Trog
  8101 | D:9      | Found a glowing golden altar of the Shining One.
  8125 | D:9      | Reached XP level 10. HP: 21/91 MP: 9/9
  8126 | D:9      | Reached ***** piety under Trog
  8127 | D:9      | Reached skill level 5 in Bows
  8442 | D:9      | Noticed a three-headed hydra
  8449 | D:9      | Killed a seven-headed hydra
  8449 | D:9      | Reached skill level 10 in Axes
  8451 | D:9      | Received a gift from Trog
  8480 | D:9      | Found a shattered altar of Ashenzari.
  8902 | D:9      | Found a staircase to the Lair.
  8902 | D:9      | Noticed a black mamba
  8913 | D:9      | Killed a black mamba
  9223 | D:9      | Received a gift from Trog
  9254 | D:9      | Found a staircase to the Orcish Mines.
  9433 | D:9      | HP: 4/91 [something (8)]
  9434 | D:9      | Slain by an unseen horror

Skill      XL: |  1  2  3  4  5  6  7  8  9 10 |
---------------+-------------------------------+-----
Fighting       | 4 5 6 8 9 |  9.5
Axes           | 4 5 6 7 9 10 | 10.4
Armour         | 3 4 5 7 8 |  8.8
Dodging        | 3 4 5 6 7 8 |  8.2
Bows           | 4 6 |  6.2

Action                   |  1- 3 |  4- 6 |  7- 9 | 10-12 || total
-------------------------+-------+-------+-------+-------++-------
Melee: Hand axe          |    73 |   162 |   266 |       ||   501
       Headbutt          |    15 |    32 |    91 |    15 ||   153
       War axe           |       |       |   141 |    70 ||   211
 Fire: Shortbow          |       |       |   118 |    23 ||   141
Invok: Berserk           |       |     2 |     3 |     3 ||     8
 Stab: Distracted        |     1 |       |       |       ||     1
  Eat: Chunk             |     1 |     6 |    19 |     6 ||    32
       Fruit             |       |     1 |       |       ||     1
       Pizza             |       |       |       |     3 ||     3
Armor: Animal skin       |     9 |       |       |       ||     9
       Chain mail        |     2 |    83 |   172 |    67 ||   324
Dodge: Dodged            |    51 |    69 |   221 |    44 ||   385
